 Dungeon Crawl Stone Soup version 0.28-a0-1518-gbe868bca14 (webtiles) character file.

Game seed: 4076060545851975144

436 buddhastalin the Covert (level 7, -4/40 HPs)
             Began as a Kobold Brigand on Jan 16, 2022.
             Killed from afar by a white imp (5 damage)
             ... with a puff of frost
             ... summoned by Natasha
             ... on level 4 of the Dungeon.
             The game lasted 00:05:48 (3641 turns).

buddhastalin the Covert (Kobold Brigand)            Turns: 3641, Time: 00:05:50

Health: -4/40      AC:  6    Str: 14    XL:     7   Next: 21%
Magic:  7/7        EV: 14    Int: 14    God:
Gold:   168        SH:  0    Dex: 17    Spells: 6/6 levels left

rFire   . . .      SeeInvis .   a - +2 dagger
rCold   . . .      Faith    .   (no shield)
rNeg    . . .      Spirit   .   f - +2 leather armour {rPois}
rPois   +          Reflect  .   (no helmet)
rElec   .          Harm     .   c - +0 cloak
rCorr   .          Rampage  .   (no gloves)
Will    .....                   (no boots)
Stlth   +++++.....              (no amulet)
HPRegen 0.13/turn               n - +6 ring of strength
MPRegen 0.10/turn               (no ring)

@: brilliant, slowed, very slow
A: small, no large weapons, nightstalker 3
a: no special abilities


You were on level 4 of the Dungeon.
You visited 1 branch of the dungeon, and saw 4 of its levels.

You collected 168 gold pieces.

Inventory:

Hand Weapons
 a - a +2 dagger (weapon)
Missiles
 d - 8 poisoned darts (quivered)
 e - 2 curare-tipped darts
 q - a throwing net
Armour
 c - a +0 cloak (worn)
 f - a +2 leather armour of poison resistance (worn)
Jewellery
 g - a ring of fire
 i - an amulet of magic regeneration
 n - a +6 ring of strength (left hand)
Wands
 k - a wand of flame (19)
Scrolls
 b - a scroll of enchant armour {unknown}
 h - a scroll of amnesia {unknown}
 j - 2 scrolls of vulnerability {unknown}
 m - 2 scrolls of identify {unknown}
 p - a scroll of holy word {unknown}
 r - a scroll of fog {unknown}
 s - a scroll of teleportation {unknown}
 t - a scroll of fear {unknown}
Potions
 o - a potion of brilliance


   Skills:
 + Level 2.6 Fighting
 * Level 5.7 Short Blades
 - Level 2.1 Throwing
 - Level 1.6 Armour
 + Level 2.1 Dodging
 + Level 8.7 Stealth


You had 6 spell levels left.
You didn't know any spells.
Your spell library contained the following spells:

 Spells                   Type           Power      Damage    Failure   Level
 Freeze                   Ice            0%         1d3       34%         1
 Frozen Ramparts          Ice            0%         1d2       71%         3
 Hailstorm                Conj/Ice       0%         3d3       98%         4
 Summon Ice Beast         Ice/Summ       0%         N/A       98%         4
 Summon Mana Viper        Hex/Summ       0%         N/A       100%        5
 Monstrous Menagerie      Summ           0%         N/A       100%        7


Dungeon Overview and Level Annotations

Branches:
Dungeon (4/15)
 Temple: D:4-7

Altars:

Annotations:
D:4 Natasha


Innate Abilities, Weirdness & Mutations

You are small and have problems with some larger weapons.
You are completely attuned to the shadows.


Message History

Natasha claws you. The white imp gestures at you. The puff of frost hits you!
You barely miss Natasha.
Natasha is heavily wounded.
Natasha claws you.
You hit Natasha but do no damage.
Natasha is heavily wounded.
The white imp gestures at you. The puff of frost hits you.
You hit Natasha.
Natasha is heavily wounded.
Natasha stares at you and mumbles some strange words.
You feel yourself slow down.
The white imp hits you but does no damage.
You barely miss Natasha.
Natasha is heavily wounded.
Natasha claws you.
* * * LOW HITPOINT WARNING * * *
The white imp picks up a beetle and eats it.
The white imp hits you but does no damage.
It was a potion of brilliance.
You feel clever all of a sudden. Natasha closely misses you.
The white imp misses you. Natasha misses you.
It was a potion of magic.
Magic courses through your body.
The white imp shouts, "Quit, thou lumpish knotty-pated efter!"
The white imp barely misses you. Natasha barely misses you.
The white imp hits you but does no damage.
You hit Natasha.
Natasha is severely wounded.
Natasha casts a spell.
The white imp gestures at you. The puff of frost hits you!
* * * LOW HITPOINT WARNING * * *
You hit Natasha but do no damage.
Natasha is severely wounded.
Natasha claws you.
* * * LOW HITPOINT WARNING * * *
The white imp gestures at you. The puff of frost hits you.
You die...

..#..............
..#..............
......[...........
#.................
#..............###
#....).........##
.####.#.............
...h#.#...........#
#.@5..........#.#
#5.....>....#.#.###
............(#.#....
.#..#.#.......#.#....
#..#.#...[...#......
......### .........
......### ......#


You could see Natasha, a white imp (summoned) and a shadow imp (summoned).

Vanquished Creatures
  Sigmund (D:2)
  An ogre (D:4)
  A hound (D:4)
  Terence (D:2)
  3 gnolls (D:2)
  4 adders
  2 worms (D:2)
  2 dart slugs
  5 orcs
  2 ball pythons
  6 endoplasms
  5 giant cockroaches
  3 goblins
  3 hobgoblins
  8 jackals
  3 quokkas
  4 bats
  4 frilled lizards
  2 kobolds
  5 rats
65 creatures vanquished.

Notes
Turn   | Place    | Note
-------+----------+-------------------------------------------
     0 | D:1      | buddhastalin the Kobold Brigand began the quest for the
                  | Orb.
     0 | D:1      | Reached XP level 1. HP: 12/12 MP: 1/1
   194 | D:1      | Reached XP level 2. HP: 9/17 MP: 2/2
   202 | D:1      | Reached skill level 6 in Stealth
   957 | D:1      | Reached XP level 3. HP: 21/21 MP: 3/3
  1097 | D:1      | Found a faded altar of an unknown god.
  1514 | D:2      | Noticed Terence
  1518 | D:2      | Killed Terence
  1519 | D:2      | Reached XP level 4. HP: 27/27 MP: 4/4
  1893 | D:2      | Noticed Sigmund
  1897 | D:2      | Killed Sigmund
  1898 | D:2      | Reached skill level 1 in Armour
  1898 | D:2      | Reached skill level 8 in Stealth
  1898 | D:2      | Reached XP level 5. HP: 31/31 MP: 5/5
  1898 | D:2      | Reached XP level 6. HP: 36/36 MP: 6/6
  2230 | D:2      | Reached skill level 5 in Short Blades
  3342 | D:4      | Noticed an ogre
  3346 | D:4      | Killed an ogre
  3347 | D:4      | Reached XP level 7. HP: 40/40 MP: 7/7
  3627 | D:4      | Noticed Natasha
  3641 | D:4      | HP: 1/40 [Natasha (2)]
  3641 | D:4      | Killed from afar by a white imp

Illustrated notes

Levels and vault maps discovered:
D:1:      dpeg_arrival_three_same_balls, layout_loops_corners,
          hellmonk_ecumenical_altar_inner_sanctum
D:2:      layout_loops_cross, uniq_sigmund, uniq_terence
D:3:      layout_basic
D:4:      layout_basic, mainiacjoe_overflow_catwalk, uniq_natasha

Skill      XL: |  1  2  3  4  5  6 |
---------------+-------------------+-----
Stealth        | 6 8 |  8.7
Short Blades   | 3 4 5 |  5.7
Armour         | 1 |  1.6
Dodging        | 2 |  2.1
Fighting       | |  2.6
Throwing       | |  2.1

Action                   |  1- 3 |  4- 6 |  7- 9 || total
-------------------------+-------+-------+-------++-------
Melee: Dagger            |    58 |   118 |    34 ||   210
       Punch             |     1 |     2 |       ||     3
  Use: Potion            |       |       |     2 ||     2
 Stab: Sleeping          |    10 |    24 |     2 ||    36
Armor: Leather armour    |    19 |    15 |     3 ||    37
Dodge: Dodged            |    29 |    48 |    18 ||    95

Table legend: (Time is in decaauts)
 A = Elapsed time spent in this place.
 B = Non-inter-level travel time spent in this place.
 C = Inter-level travel time spent in this place.
 D = Time resting spent in this place.
 E = Time spent auto-exploring this place.
 F = Levels seen in this place.
 G = Mean time per level.
                   A        B        C        D        E       F      G
               +--------+--------+--------+--------+--------+-----+--------+
         Total |   3596 |   3483 |    113 |    702 |   2345 |   4 |  899.0 |
       Dungeon |   3596 |   3483 |    113 |    702 |   2345 |   4 |  899.0 |
               +--------+--------+--------+--------+--------+-----+--------+

Top non-repeatable levels by time:
     D:1: 1461 daAuts
     D:2: 1083 daAuts
     D:3: 736 daAuts
     D:4: 315 daAuts
